 Dungeon Crawl Stone Soup version 0.22-a0-456-g11ed031 (console) character file.

166116 toffzen the Brawler (level 17, -1/182 HPs)
             Began as a Troll Assassin on June 1, 2018.
             Was a High Priest of Trog.
             Killed from afar by a nagaraja (4 damage)
             ... with a splash of poison
             ... on level 4 of the Snake Pit on June 6, 2018.
             The game lasted 02:15:54 (35855 turns).

toffzen the Brawler (Troll Assassin)               Turns: 35855, Time: 02:15:56

Health: -1/182     AC: 11    Str: 30    XL:     17   Next: 29%
Magic:  16/16      EV: 14    Int:  7    God:    Trog [*****.]
Gold:   2165       SH:  0    Dex: 15    Spells: 16/16 levels left

rFire    . . .     SeeInvis .     - Unarmed
rCold    . . .     Gourm    +   (no shield)
rNeg     . . .     Faith    .   J - +0 robe of Oblivion {rPois MR+ Str+2}
rPois    +         Spirit   .   (helmet restricted)
rElec    .         Reflect  .   d - +1 cloak
rCorr    .         Harm     .   (gloves unavailable)
MR       ++...                  (boots unavailable)
Stlth    ++........             (no amulet)
HPRegen  0.80/turn              y - +4 ring of dexterity
MPRegen  0.15/turn              X - +3 ring of protection

@: lethally poisoned (-1 -> -1), berserk cooldown, hasted and slowed,
constricted
A: large, unfitting armour, claws 3, fast metabolism 3, gourmand, regeneration
1, shaggy fur 1, tough skin 2
a: Berserk, Trog's Hand, Brothers in Arms, Renounce Religion


You were on level 4 of the Snake Pit.
You worshipped Trog.
Trog was extremely pleased with you.
You were very hungry.

You visited 4 branches of the dungeon, and saw 27 of its levels.
You also visited: Ice Cave and Volcano.

You collected 2529 gold pieces.
You spent 364 gold pieces at shops.

Inventory:

Hand Weapons
 a - a +7 hunting sling of flaming
Missiles
 j - 4 large rocks
 k - 603 stones (quivered)
 s - 34 poisoned needles
 u - 2 throwing nets
 N - 7 needles of sleeping
Armour
 d - a +1 cloak (worn)
 J - the +0 robe of Oblivion (worn) {rPois MR+ Str+2}
   (You found it on level 3 of the Snake Pit)

   It affects your strength (+2).
   It protects you from poison.
   It affects your resistance to hostile enchantments.
 Z - a +0 troll leather armour
Jewellery
 t - an uncursed ring of protection from cold
 y - a +4 ring of dexterity (left claw)
 T - an uncursed ring of poison resistance
 X - a +3 ring of protection (right claw)
Wands
 b - a wand of iceblast (11)
 w - a wand of enslavement (13)
 F - a wand of paralysis (26)
 L - a wand of acid (6)
 P - a wand of disintegration (4)
 S - a wand of scattershot (6)
Scrolls
 c - a scroll of enchant weapon
 e - a scroll of vulnerability
 l - 2 scrolls of fog
 m - 6 scrolls of teleportation
 q - 6 scrolls of magic mapping
 v - 10 scrolls of remove curse
 A - 7 scrolls of enchant armour
 B - a scroll of brand weapon
 C - a scroll of noise
 H - a scroll of fear
 O - a scroll of torment {unknown}
 V - 2 scrolls of immolation
Potions
 h - 2 potions of cancellation
 i - 7 potions of curing
 o - 10 potions of flight
 p - 2 potions of brilliance
 r - 6 potions of lignification
 x - 6 potions of haste
 z - 4 potions of invisibility
 D - a potion of berserk rage
 E - 4 potions of mutation
 G - 2 potions of agility
 I - a potion of resistance
 Q - 12 potions of degeneration
 R - 2 potions of might
Miscellaneous
 f - a phantom mirror
 K - a fan of gales
 M - a fan of gales
Comestibles
 g - 46 rations


   Skills:
 * Level 14.4 Fighting
   Level 1.5 Short Blades
 - Level 1.7 Throwing
 - Level 8.3 Armour
 - Level 11.0 Dodging
 - Level 2.1 Stealth
 + Level 20.0 Unarmed Combat


You had 16 spell levels left.
You didn't know any spells.
Your spell library was empty.

Dungeon Overview and Level Annotations

Branches:
Dungeon (15/15)            Temple (0/1) D:7            Lair (6/6) D:9
 Shoals (0/4) Lair:4        Snake (4/4) Lair:2        Slime (0/5) Lair:5
    Orc (2/2) D:9             Elf (0/3) Orc:2        Vaults (0/5) D:13
 Depths (0/5) D:15

Altars:
Elyvilon
Fedhas
Hepliaklqana
Makhleb
Nemelex Xobeh
Qazlal
Sif Muna
Trog
Uskayaw
Vehumet
Yredelemnul
Zin
The Shining One
Jiyva

Shops:
D:6 [?!   D:8 [   Orc:2 !?(:   Snake:4 (

Annotations:
D:11 4 runed doors
Lair:1 exclusion: downstairs
Lair:4 exclusion: 3 oklob plants


Innate Abilities, Weirdness & Mutations

You are too large for most types of armour.
You have claws for hands.
Your metabolism is lightning-fast.
You like to eat raw meat.
Your natural rate of healing is unusually fast.
You are covered in fur. (AC +1)
You have very tough skin. (AC +2)


Message History

Remove which piece of jewellery? (? for menu, Esc to quit)
Okay, then.
Unknown command.
Unknown command.
Blink to where?
Press: ? - help, Dir - move target cursor The nagaraja's grasp on you weakens, but your attempt to escape fails.
As you read the scroll of blinking, it crumbles to dust.
You feel sick. The nagaraja closely misses you.
* * * LOW HITPOINT WARNING * * *
The nagaraja constricts you.
Okay, then.
Unknown command.
As you read the scroll of fear, it crumbles to dust.
You assume a fearsome visage.
The nagaraja resists with almost no effort.
You feel sick. The nagaraja spits poison at you. The splash of poison hits you!
You resist.
You die...

,,,,,,,,,,,****....#
,,,,,,,,,....***...#
,,,,,,,,,....,,*#..##
,,,,,,,,,.....,*#...#
,,,,,,,*,.....,,#...#
,..............*#...#
.,.............##†..#
..,..N..........#))##
...#...........N@).#
.....#....#........#
.......S#..........#
...⌠..N.#...#......#
......#..##.......##
......N.NS#.......#
.....#.SN.#.......#
.................##
..........#....###


You could see a nagaraja.

Vanquished Creatures
  Vashnia (Snake:4)
  Asterion (Snake:4)
  Donald (Snake:2)
  5 nagarajas (Snake:4)
  2 orc warlords
  2 frost giants
  4 dire elephants (Lair:6)
  A fire dragon (D:13)
  Harold (Orc:1)
  2 ogre magi
  2 hydras
  A death knight (D:14)
  Erica (Lair:2)
  9 anacondas
  4 centaur warriors
  8 two-headed ogres
  15 naga warriors
  2 tengu warriors
  5 death yaks (Lair:6)
  3 orc high priests (Orc:2)
  A shock serpent (Snake:1)
  16 naga sharpshooters
  Nergalle (D:12)
  5 skeletal warriors (D:15)
  A salamander mystic (Snake:4)
  An unseen horror (D:11)
  A deep elf archer (D:12)
  The ghost of TheNamelessOne the Zephyrmancer, a novice TeAE of Vehumet (D:7)
  10 naga ritualists
  A necromancer (D:13)
  4 deep elf magi
  7 orc knights
  A phantasmal warrior (D:14)
  8 mana vipers
  A cyclops (D:15)
  6 salamanders
  6 orc sorcerers
  17 ugly things
  7 elephants
  An ice statue (IceCv)
  3 guardian serpents
  A merfolk siren (Lair:4)
  Maurice (D:13)
  40 black mambas
  Joseph (D:8)
  13 spiny frogs
  3 gargoyles
  A black mamba (shapeshifter) (D:13)
  20 naga magi
  3 rime drakes
  3 freezing wraiths
  A redback zombie (D:15)
  7 komodo dragons
  A yaktaur (D:15)
  A tengu conjurer (D:13)
  14 polar bears (IceCv)
  A polar bear (shapeshifter) (D:13)
  8 trolls
  A hippogriff (shapeshifter) (D:13)
  7 hippogriffs
  A shadow (D:15)
  A wyvern (Lair:5)
  4 wraiths
  3 hogs (D:10)
  A human (D:10)
  3 fire bats (Orc:1)
  41 yaks
  3 hungry ghosts
  A basilisk (Lair:2)
  A steam dragon (D:13)
  3 vampire mosquitoes (D:15)
  6 wargs
  20 water moccasins
  34 nagas
  2 acid dragons
  2 porcupines
  30 orc warriors
  A swamp drake (D:9)
  4 ice beasts
  4 sky beasts
  A black bear (D:7)
  A phantom (D:8)
  2 necrophages
  20 wolves
  9 ogres
  7 centaurs
  A big kobold (D:8)
  9 crocodiles
  A crocodile (shapeshifter) (D:14)
  13 bullfrogs
  6 scorpions
  11 killer bees
  9 electric eels
  The ghost of 4thArraOfDagon the Skirmisher, a weakling GrBe of Trog (D:4)
  2 howler monkeys (D:7)
  2 bullfrog zombies (D:12)
  10 crimson imps
  A quasit (D:8)
  2 centaur zombies
  3 jellies
  26 orc priests
  6 centaur skeletons
  2 bullfrog skeletons
  9 hounds
  4 iguanas
  28 orc wizards
  9 worker ants
  3 hound zombies
  Robin (D:3)
  A worker ant zombie (D:10)
  7 gnolls
  20 adders
  2 shadow imps
  An adder zombie (D:6)
  2 adder skeletons
  5 worms
  3 dart slugs
  5 leopard geckos
  106 orcs
  2 ball pythons
  8 bats
  6 giant cockroaches
  15 goblins
  11 hobgoblins
  11 jackals
  4 quokkas
  11 frilled lizards
  26 kobolds
  A quokka zombie (D:5)
  7 rats
  5 plants (Lair:6)
919 creatures vanquished.

Vanquished Creatures (collateral kills)
  A death yak (Lair:6)
1 creature vanquished.

Vanquished Creatures (others)
  A quokka (D:7)
  3 fungi
  3 plants
7 creatures vanquished.

Grand Total: 927 creatures vanquished

Notes
Turn   | Place    | Note
-------+----------+-------------------------------------------
     0 | D:1      | toffzen the Troll Assassin began the quest for the Orb.
     0 | D:1      | Reached XP level 1. HP: 19/19 MP: 0/0
   106 | D:1      | Reached skill level 1 in Unarmed Combat
   171 | D:1      | Reached XP level 2. HP: 24/28 MP: 1/1
   415 | D:1      | Reached skill level 2 in Unarmed Combat
   468 | D:1      | Reached XP level 3. HP: 35/35 MP: 2/2
  1245 | D:2      | Reached XP level 4. HP: 41/44 MP: 3/3
  1270 | D:2      | Reached skill level 3 in Unarmed Combat
  1681 | D:3      | Found a deep blue altar of Sif Muna.
  1681 | D:3      | Found a white marble altar of Elyvilon.
  1681 | D:3      | Found a bloodstained altar of Trog.
  1730 | D:3      | Became a worshipper of Trog the Wrathful
  1775 | D:3      | Noticed Robin
  1797 | D:3      | Killed Robin
  1934 | D:3      | Reached XP level 5. HP: 39/50 MP: 4/4
  2078 | D:3      | Found a basalt altar of Yredelemnul.
  2387 | D:3      | Reached * piety under Trog
  2413 | D:3      | Reached skill level 4 in Unarmed Combat
  2774 | D:4      | Reached XP level 6. HP: 61/61 MP: 5/5
  3014 | D:4      | Found a radiant altar of Vehumet.
  3115 | D:4      | Noticed 4thArraOfDagon's ghost (weakling GrBe)
  3120 | D:4      | Killed 4thArraOfDagon's ghost
  3120 | D:4      | Reached skill level 5 in Unarmed Combat
  3665 | D:5      | Entered Level 5 of the Dungeon
  3972 | D:5      | Found a hide-covered altar of Uskayaw.
  3972 | D:5      | Noticed a hand axe
  3972 | D:5      | Noticed a hand axe
  4692 | D:6      | Reached skill level 6 in Unarmed Combat
  4692 | D:6      | Reached XP level 7. HP: 64/68 MP: 6/6
  4719 | D:6      | Reached ** piety under Trog
  4849 | D:6      | Found Saenlegu's Antique Armour Shoppe.
  4853 | D:6      | Found a sparkling altar of Nemelex Xobeh.
  5055 | D:6      | Found Leadghim's Magic Scroll Shoppe.
  5085 | D:6      | Reached skill level 7 in Unarmed Combat
  5173 | D:6      | Found Dirunn's Distillery.
  5274 | D:6      | Found a radiant altar of Vehumet.
  5368 | D:7      | Reached XP level 8. HP: 79/79 MP: 7/7
  5442 | D:7      | Noticed TheNamelessOne's ghost (novice TeAE)
  5457 | D:7      | Killed TheNamelessOne's ghost
  5457 | D:7      | Reached skill level 5 in Fighting
  5457 | D:7      | Reached skill level 8 in Unarmed Combat
  5664 | D:7      | Reached skill level 9 in Unarmed Combat
  5761 | D:7      | Found a burning altar of Makhleb.
  5768 | D:7      | Found a glowing silver altar of Zin.
  5768 | D:7      | Noticed an angel
  5768 | D:7      | Noticed a balrug
  5956 | D:7      | Reached *** piety under Trog
  5975 | D:7      | Found a stormy altar of Qazlal.
  6203 | D:7      | Found a staircase to the Ecumenical Temple.
  6453 | D:7      | Found a blossoming altar of Fedhas.
  6457 | D:7      | Noticed a hippogriff
  6463 | D:7      | Killed a hippogriff
  6463 | D:7      | Reached XP level 9. HP: 89/89 MP: 8/8
  6825 | D:8      | Found a hazy altar of Hepliaklqana.
  6992 | D:8      | Reached skill level 10 in Unarmed Combat
  7130 | D:8      | Reached skill level 1 in Dodging
  7168 | D:8      | Noticed Joseph
  7181 | D:8      | Killed Joseph
  7181 | D:8      | Reached skill level 1 in Armour
  7247 | D:8      | Found Kecsim's Antique Armour Shoppe.
  7302 | D:8      | Noticed a two-headed ogre
  7317 | D:8      | Killed a two-headed ogre
  7317 | D:8      | Reached skill level 11 in Unarmed Combat
  7480 | D:8      | Reached XP level 10. HP: 97/100 MP: 9/9
  8347 | D:9      | Reached **** piety under Trog
  8779 | D:9      | HP: 3/102 [warg (9)]
  8977 | D:9      | Found a staircase to the Lair.
  9274 | D:9      | Reached ***** piety under Trog
  9372 | D:9      | Found a staircase to the Orcish Mines.
  9661 | D:10     | Entered Level 10 of the Dungeon
  9664 | D:10     | Noticed a gargoyle
  9671 | D:10     | Killed a gargoyle
 10008 | D:10     | Reached skill level 12 in Unarmed Combat
 10379 | D:10     | Received a gift from Trog
 10701 | D:10     | Reached XP level 11. HP: 109/109 MP: 10/10
 10828 | Lair:1   | Entered Level 1 of the Lair of Beasts
 10829 | Lair:1   | Upgraded the game from 0.22-a0-443-g17c3723 to 0.22-a0-448-g1fb7470
 11631 | Lair:2   | Noticed Erica
 12429 | Lair:2   | Killed Erica
 12429 | Lair:2   | Reached skill level 5 in Dodging
 12518 | Lair:2   | Received a gift from Trog
 12641 | Lair:2   | Found a staircase to the Snake Pit.
 12650 | Lair:2   | Reached skill level 13 in Unarmed Combat
 13129 | Lair:2   | Found a basalt altar of Yredelemnul.
 14004 | Lair:3   | Got a smoking graven amulet
 14005 | Lair:3   | Identified the amulet "Yruawin" {Harm *Drain Str+2 Dex+2} (You found it on level 3 of the Lair of Beasts)
 14959 | Lair:4   | Noticed an oklob plant
 14959 | Lair:4   | Noticed an oklob plant
 14959 | Lair:4   | Noticed an oklob plant
 15052 | Lair:4   | Reached XP level 12. HP: 122/122 MP: 11/11
 15657 | Lair:4   | Found a staircase to the Shoals.
 16034 | Lair:5   | Reached skill level 14 in Unarmed Combat
 16118 | Lair:5   | Found a staircase to the Slime Pits.
 16125 | Lair:5   | Found a viscous altar of Jiyva.
 16869 | Lair:6   | Entered Level 6 of the Lair of Beasts
 17152 | Lair:6   | Noticed an eight-headed hydra
 17243 | Lair:6   | Killed an eight-headed hydra
 17536 | Lair:6   | Received a gift from Trog
 17557 | Lair:6   | Reached skill level 15 in Unarmed Combat
 17633 | Lair:6   | Noticed a death yak
 17633 | Lair:6   | Noticed a death yak
 17633 | Lair:6   | Noticed a death yak
 17633 | Lair:6   | Noticed a death yak
 17633 | Lair:6   | Noticed a death yak
 17634 | Lair:6   | Noticed a death yak
 17651 | Lair:6   | Killed a death yak
 17652 | Lair:6   | Killed a death yak
 17655 | Lair:6   | Killed a death yak
 17659 | Lair:6   | Killed a death yak
 17662 | Lair:6   | Reached XP level 13. HP: 132/132 MP: 12/12
 18521 | Lair:6   | Reached skill level 10 in Fighting
 18521 | Lair:6   | Noticed a dire elephant
 18530 | Lair:6   | Killed a dire elephant
 18607 | Lair:6   | Noticed a dire elephant
 18607 | Lair:6   | Noticed a dire elephant
 18627 | Lair:6   | Killed a dire elephant
 18635 | Lair:6   | Killed a dire elephant
 18706 | Lair:6   | Got a scorched diamond amulet
 18711 | Lair:6   | Identified the amulet of the Circus Animal {Acrobat Str+2 Int+6 Slay-3} (You found it on level 6 of the Lair of Beasts)
 18751 | Lair:6   | Noticed a dire elephant
 18764 | Lair:6   | Killed a dire elephant
 18781 | Lair:6   | Noticed a dire elephant
 19261 | D:11     | Reached skill level 16 in Unarmed Combat
 19489 | D:11     | Found a huge runed gate.
 19492 | D:11     | Found a huge runed gate.
 19492 | D:11     | Found a huge runed gate.
 19492 | D:11     | Found a huge runed gate.
 19964 | D:12     | Noticed Nergalle
 20074 | D:12     | Received a gift from Trog
 20278 | D:12     | Killed Nergalle
 21918 | D:13     | Noticed Maurice
 21927 | D:13     | Killed Maurice
 21931 | D:13     | Identified the Collected Works on Helpful Envenoming
 21992 | D:13     | Reached XP level 14. HP: 89/144 MP: 13/13
 22100 | D:13     | Received a gift from Trog
 22339 | D:13     | Found a gate to the Vaults.
 22423 | D:13     | Reached skill level 5 in Armour
 22918 | D:14     | Reached skill level 17 in Unarmed Combat
 23627 | D:15     | Entered Level 15 of the Dungeon
 23830 | D:15     | Received a gift from Trog
 24132 | D:15     | Upgraded the game from 0.22-a0-448-g1fb7470 to 0.22-a0-455-ga0624bf
 24208 | D:15     | Found a glowing golden altar of the Shining One.
 24232 | D:15     | Received a gift from Trog
 24622 | D:15     | Paralysed by an ogre mage for 4 turns
 24992 | D:15     | Found a staircase to the Depths.
 24992 | D:15     | Noticed a frost giant
 25026 | D:15     | Killed a frost giant
 25328 | Orc:1    | Entered Level 1 of the Orcish Mines
 25328 | Orc:1    | Noticed an orc warlord
 25342 | Orc:1    | Killed an orc warlord
 25342 | Orc:1    | Reached XP level 15. HP: 154/154 MP: 14/14
 25613 | Orc:1    | Noticed Harold
 25632 | Orc:1    | Killed Harold
 25753 | Orc:1    | Found a dark tunnel.
 25783 | Volcano  | Entered a volcano
 25838 | Volcano  | Found a radiant altar of Vehumet.
 25853 | Volcano  | Reached skill level 18 in Unarmed Combat
 25874 | Volcano  | Reached skill level 10 in Dodging
 26146 | Orc:2    | Entered Level 2 of the Orcish Mines
 26191 | Orc:2    | Noticed an orc warlord
 26215 | Orc:2    | Killed an orc warlord
 26504 | Orc:2    | Found a frozen archway.
 26548 | IceCv    | Entered an ice cave
 26627 | IceCv    | Received a gift from Trog
 27149 | IceCv    | Noticed a frost giant
 27168 | IceCv    | Killed a frost giant
 27297 | IceCv    | Found the +7 great mace "Firestarter" {inner flame, rF++}
 27810 | Orc:2    | Found a staircase to the Elven Halls.
 27924 | Orc:2    | Received a gift from Trog
 28308 | Orc:2    | Found Zumuniupn's Book Shoppe.
 28308 | Orc:2    | Found Oran's Weapon Shop.
 28310 | Orc:2    | Found Sokuaz's Magic Scroll Shoppe.
 28310 | Orc:2    | Found Soylit's Distillery.
 28323 | Orc:2    | Bought a potion of agility for 56 gold pieces
 28323 | Orc:2    | Bought a potion of haste for 140 gold pieces
 28323 | Orc:2    | Bought a potion of might for 56 gold pieces
 28323 | Orc:2    | Bought a potion of invisibility for 112 gold pieces
 28555 | Snake:1  | Entered Level 1 of the Snake Pit
 29982 | Snake:2  | Upgraded the game from 0.22-a0-455-ga0624bf to 0.22-a0-456-g11ed031
 30026 | Snake:2  | Reached XP level 16. HP: 138/165 MP: 15/15
 30317 | Snake:2  | Got a tattered robe
 30343 | Snake:2  | Identified the +1 robe of Duojipo {rC+} (You found it on level 2 of the Snake Pit)
 30649 | Snake:2  | Reached skill level 19 in Unarmed Combat
 30709 | Snake:2  | Found a white marble altar of Elyvilon.
 30711 | Snake:2  | Noticed Donald
 30724 | Snake:2  | Killed Donald
 31335 | Snake:3  | Received a gift from Trog
 31864 | Snake:3  | Got an ominously black robe
 31890 | Snake:3  | Identified the +0 robe of Oblivion {rPois MR+ Str+2} (You found it on level 3 of the Snake Pit)
 33026 | Snake:4  | Entered Level 4 of the Snake Pit
 33068 | Snake:4  | Noticed Asterion
 33080 | Snake:4  | Killed Asterion
 33727 | Snake:4  | Found Vaeb Cea's Antique Weapon Shoppe.
 35023 | Snake:4  | Noticed Vashnia
 35083 | Snake:4  | Killed Vashnia
 35104 | Snake:4  | Reached XP level 17. HP: 166/179 MP: 16/16
 35455 | Snake:4  | Received a gift from Trog
 35838 | Snake:4  | Reached skill level 20 in Unarmed Combat
 35853 | Snake:4  | HP: 9/182 [nagaraja/spear (2)]
 35854 | Snake:4  | HP: 3/182 [nagaraja/spear (5)]
 35855 | Snake:4  | Killed from afar by a nagaraja

Vault maps used:
D:1:      lemuel_arrival_lava_pool, roderic_roman_lattice
D:2:      minmay_misc_feat_more_columns, serial_bayou_crossing
D:3:      gammafunk_temple_overflow_forgotten, lemuel_crystal_altar,
          lexackson_kobold_supper, uniq_robin
D:4:      first_ration, lemuel_statue_altar
D:5:      dancing_weapons_uskayaw, hangedman_decor_growths
D:6:      nemelex_xobeh_ov_fountains_minmay, old_standard_altar, serial_shops,
          nicolae_shop_behind_doors, kennysheep_mini, shop
D:7:      grunt_temple_overflow_order_and_chaos_2, old_standard_altar,
          lemuel_crystal_altar, temple_green
D:8:      overflow_temple_1_default, serial_shops, shop_statue,
          minmay_unpleasant_kobolds, uniq_joseph
D:9:      erik_lair_orcish_takeover, erik_orc_1
D:10:     grunt_livestock, minmay_orc_keep
D:11:     lemuel_bear_cage
D:12:     uniq_nergalle
D:13:     david_vaults_4, uniq_maurice
D:14:     minivault_11, grunt_decor_one_mirror
D:15:     grunt_enter_depths_snipers, nicolae_tso_carved_into_rock
Lair:2:   minmay_snake_entry_six_corridors, lemuel_centaur_altar,
          serial_bayou_shore_a, uniq_erica
Lair:3:   infiniplex_staircase_pool_2, lemuel_fruit_fields
Lair:4:   minmay_shoals_entry_lonely_mermaid, minmay_lair_oklob_chamber,
          infiniplex_staircase_pool
Lair:5:   slime_altar_1, patterned_corridor
Lair:6:   due_jungle_book
Snake:1:  grunt_megastairs_4
Snake:2:  basic_altar, lemuel_fruit_tree, uniq_donald
Snake:4:  snake_pit, serial_shops, shop, uniq_asterion, uniq_vashnia
Orc:1:    nicolae_volcano_entry_batcave, nicolae_orc_lava_room, uniq_snorg,
          uniq_harold
Orc:2:    grunt_orc_tribal_feast, portal_ice_cave_rime
IceCv:    ice_cave_small_giant
Volcano:  kennysheep_volcano_temple

Skill      XL: |  1  2  3  4  5  6  7  8  9 10 11 12 13 14 15 16 17 |
---------------+----------------------------------------------------+-----
Unarmed Combat | 1 2 3 4 6 7 9 11 12 13 15 16 17 18 19 20 | 20.0
Fighting       | 2 3 4 5 6 7 8 9 10 11 12 13 14 | 14.4
Dodging        | 2 4 5 7 8 9 10 11 | 11.0
Armour         | 2 4 6 7 8 |  8.3
Short Blades   | |  1.5
Throwing       | |  1.7
Stealth        | |  2.1

Action                   |  1- 3 |  4- 6 |  7- 9 | 10-12 | 13-15 | 16-18 || total
-------------------------+-------+-------+-------+-------+-------+-------++-------
Melee: Unarmed           |   112 |   215 |   225 |   567 |  1188 |   490 ||  2797
       Punch             |       |     1 |     7 |    39 |   128 |    69 ||   244
 Fire: Hunting sling     |       |       |       |       |    37 |       ||    37
Throw: Stone             |       |       |     2 |    78 |    31 |     6 ||   117
       Large rock        |       |       |       |       |     6 |     2 ||     8
Invok: Berserk           |       |     5 |    11 |    22 |    27 |     9 ||    74
       Trog's Hand       |       |       |     1 |     6 |    15 |    12 ||    34
       Brothers in Arms  |       |       |       |     1 |     1 |     1 ||     3
Evoke: Wand              |       |       |       |    53 |    53 |     4 ||   110
  Use: Scroll            |       |     4 |     6 |     4 |    10 |    11 ||    35
       Potion            |       |       |       |       |     3 |     7 ||    10
 Stab: Sleeping          |     3 |     3 |     1 |     7 |     4 |     1 ||    19
       Distracted        |       |       |       |     1 |     2 |       ||     3
       Paralysed         |       |       |       |       |     2 |       ||     2
  Eat: Chunk             |    17 |    32 |    46 |   114 |   144 |    18 ||   371
       Ration            |       |       |       |       |     1 |    13 ||    14
Armor: Robe              |    52 |    77 |    72 |   106 |    69 |    37 ||   413
       Troll leather arm |       |       |       |       |   210 |    34 ||   244
Dodge: Dodged            |    49 |    84 |    69 |   250 |   577 |   208 ||  1237

Table legend:
 A = Spawn XP
 B = Non-spawn XP
 C = Spawn XP percentage of total XP
 D = Spawn monster count
 E = Non-spawn monster count
 F = Spawn count percentage of total count
 G = Total turns spent on level
                    A         B        C        D         E        F      G
               +---------+---------+-------+---------+---------+-------+---------
         Total |       0 |  237309 |   0.0 |       0 |     915 |   0.0 | 35855
               +---------+---------+-------+---------+---------+-------+---------
           D:1 |       0 |      53 |   0.0 |       0 |      25 |   0.0 |  1006
           D:2 |       0 |      79 |   0.0 |       0 |      22 |   0.0 |   651
           D:3 |       0 |      96 |   0.0 |       0 |      35 |   0.0 |   803
           D:4 |       0 |     247 |   0.0 |       0 |      15 |   0.0 |  1205
           D:5 |       0 |     252 |   0.0 |       0 |      15 |   0.0 |   998
           D:6 |       0 |     672 |   0.0 |       0 |      22 |   0.0 |   679
           D:7 |       0 |    1529 |   0.0 |       0 |      33 |   0.0 |  1378
           D:8 |       0 |    3163 |   0.0 |       0 |      42 |   0.0 |  1740
           D:9 |       0 |    2408 |   0.0 |       0 |      54 |   0.0 |  1387
          D:10 |       0 |    3157 |   0.0 |       0 |      37 |   0.0 |  1260
          D:11 |       0 |    5784 |   0.0 |       0 |      31 |   0.0 |  1842
          D:12 |       0 |    4197 |   0.0 |       0 |      27 |   0.0 |   743
          D:13 |       0 |   13253 |   0.0 |       0 |      38 |   0.0 |  1252
          D:14 |       0 |    8378 |   0.0 |       0 |      23 |   0.0 |   848
          D:15 |       0 |   21609 |   0.0 |       0 |      48 |   0.0 |  1549
        Lair:1 |       0 |    1869 |   0.0 |       0 |      10 |   0.0 |  1089
        Lair:2 |       0 |    6400 |   0.0 |       0 |      34 |   0.0 |  1734
        Lair:3 |       0 |    1630 |   0.0 |       0 |       8 |   0.0 |  1085
        Lair:4 |       0 |    1967 |   0.0 |       0 |      10 |   0.0 |  1287
        Lair:5 |       0 |    5007 |   0.0 |       0 |      17 |   0.0 |  1010
        Lair:6 |       0 |   20298 |   0.0 |       0 |      44 |   0.0 |  1941
       Snake:1 |       0 |   15070 |   0.0 |       0 |      29 |   0.0 |  1402
       Snake:2 |       0 |   11836 |   0.0 |       0 |      20 |   0.0 |  1048
       Snake:3 |       0 |   21511 |   0.0 |       0 |      42 |   0.0 |  2156
       Snake:4 |       0 |   52527 |   0.0 |       0 |      73 |   0.0 |  2694
         Orc:1 |       0 |    7699 |   0.0 |       0 |      41 |   0.0 |   863
         Orc:2 |       0 |   12853 |   0.0 |       0 |      79 |   0.0 |  1124
         IceCv |       0 |    9275 |   0.0 |       0 |      36 |   0.0 |   875
       Volcano |       0 |    4490 |   0.0 |       0 |       5 |   0.0 |   206
               +---------+---------+-------+---------+---------+-------+---------
